 Dungeon Crawl Stone Soup version 0.26-a0-812-g31a745ddcd (webtiles) character file.

Game seed: 2057553284448096769

29982 marklar909 the Destroyer (level 13, 0/96 HPs)
             Began as a Grey Draconian Conjurer on Nov 14, 2020.
             Was an Elder of Vehumet.
             Slain by a dream sheep (30 damage)
             ... on level 6 of the Lair of Beasts.
             The game lasted 00:36:10 (22349 turns).

marklar909 the Destroyer (Grey Draconian Conjurer) Turns: 22349, Time: 00:36:11

Health: 0/96       AC: 17    Str: 10    XL:     13   Next: 18%
Magic:  0/27       EV: 16    Int: 24    God:    Vehumet [****..]
Gold:   974        SH:  0    Dex:  9    Spells: 12/32 levels left

rFire    + . .     SeeInvis .     - Unarmed
rCold    . . .     Faith    .   r - +1 buckler
rNeg     . . .     Spirit   +   (armour unavailable)
rPois    .         Reflect  .   (helmet restricted)
rElec    .         Harm     .   x - +0 cloak
rCorr    .         Rampage  .   B - +2 pair of gloves
MR       .....                  (no boots)
Stlth    +++.......             y - amulet of guardian spirit
HPRegen  0.26/turn              (no ring)
MPRegen  0.20/turn              m - ring of protection from fire

@: sleeping
A: walk through water, unfitting armour, unbreathing, cold-blooded, AC +13
a: Renounce Religion


You were on level 6 of the Lair of Beasts.
You worshipped Vehumet.
Vehumet was greatly pleased with you.
You visited 2 branches of the dungeon, and saw 17 of its levels.

You collected 974 gold pieces.

Inventory:

Armour
 r - a +1 buckler (worn)
 x - a +0 cloak (worn)
 B - a +2 pair of gloves (worn)
Jewellery
 m - a ring of protection from fire (right hand)
 t - an uncursed amulet of magic regeneration {unknown}
 v - an uncursed ring of stealth {unknown}
 y - an amulet of guardian spirit (around neck)
Wands
 D - a wand of random effects (16)
Scrolls
 d - 7 scrolls of identify
 p - a scroll of amnesia
 q - 9 scrolls of remove curse
 w - a scroll of enchant weapon
 z - a scroll of noise {unknown}
Potions
 a - 2 potions of brilliance
 c - 3 potions of ambrosia
 e - 3 potions of cancellation
 f - 2 potions of curing
 g - a potion of resistance {unknown}
 h - 5 potions of might
 i - 3 potions of flight {unknown}
 j - a potion of mutation {unknown}
 k - 3 potions of invisibility {unknown}
 l - 2 potions of heal wounds {unknown}
 n - 2 potions of lignification {unknown}
 o - 4 potions of attraction {unknown}
 u - a potion of magic {unknown}
 C - 4 potions of haste {unknown}
 E - 2 potions of berserk rage {unknown}
Miscellaneous
 s - a tin of tremorstones (inert)


   Skills:
 + Level 3.8 Fighting
 + Level 9.7 Dodging
 + Level 5.7 Stealth
 + Level 7.1 Shields
 + Level 5.3 Unarmed Combat
 + Level 10.4 Spellcasting
 + Level 10.8 Conjurations
 + Level 2.7 Translocations
 * Level 4.9 Fire Magic
 + Level 5.8 Earth Magic
 + Level 1.3 Evocations


You had 12 spell levels left.
You knew the following spells:

 Your Spells              Type           Power        Failure   Level
a - Magic Dart            Conj           ####         1%          1
b - Searing Ray           Conj           ######       1%          2
c - Dazzling Flash        Conj/Hex       #####.       1%          3
d - Stone Arrow           Conj/Erth      ######       1%          3
e - Foxfire               Conj/Fire      ####         1%          1
f - Iskenderun's Mystic   Conj/Tloc      #####...     1%          4
g - Starburst             Conj/Fire      ######....   9%          6

Your spell library contained the following spells:

 Spells                   Type           Power        Failure   Level
 Apportation              Tloc           ####..       1%          1
 Sandblast                Erth           #####.       1%          1
 Fulminant Prism          Conj/Hex       #####.....   1%          4
 Animate Skeleton         Necr           ##....       4%          1
 Corona                   Hex            ##.....      4%          1
 Summon Small Mammal      Summ           ##..         4%          1
 Gell's Gravitas          Tloc           ####......   4%          3
 Ensorcelled Hibernation  Hex/Ice        ##....       8%          2
 Confusing Touch          Hex            ##......     16%         3
 Tukima's Dance           Hex            ##......     16%         3
 Petrify                  Tmut/Erth      ####....     16%         4
 Conjure Ball Lightning   Conj/Air       #####.....   21%         6
 Yara's Violent Unravell  Hex/Tmut       ##........   32%         5
 Summon Lightning Spire   Summ/Air       ##......     45%         4
 Metabolic Englaciation   Hex/Ice        ##........   80%         5
 Silence                  Hex/Air        ##........   80%         5
 Tornado                  Air            ##........   100%        9


Dungeon Overview and Level Annotations

Branches:
Dungeon (11/15)            Temple (0/1) D:6            Lair (6/6) D:8
  Swamp (0/4) Lair:3       Shoals (0/4) Lair:2          Orc (0/2) D:10
  Slime: Lair:5-6

Altars:
Cheibriados
Kikubaaqudgha
Trog
Uskayaw
Vehumet
Xom
The Shining One

Annotations:
D:8 1 runed translucent door, stormannnn's ghost, novice MiFi
D:10 2 transporters, pigah's ghost, novice DrWn
Lair:3 2 transporters, Gastronok; Zonian's ghost, journeyman HuNe


Innate Abilities, Weirdness & Mutations

You can walk through water.
Your dull iron-grey scales are very hard. (AC +13)
You cannot fit into any form of body armour.
You can survive without breathing.
You are cold-blooded and may be slowed by cold attacks.


Message History

* * * LOW HITPOINT WARNING * * *
The dream sheep bites you but does no damage. x2
The dream sheep bites you.
* * * LOW HITPOINT WARNING * * *
The dream sheep completely misses you.
The dream sheep bites you but does no damage.
You turn to flesh and can move again.
Unknown command.
Okay, then.
Evoke which item? (* to show all) (? for menu, Esc to quit)
Okay, then.
Okay, then.
Okay, then.
Evoke which item? (* to show all) (? for menu, Esc to quit)
Okay, then.
You feel better.
The dream sheep are wreathed in dream dust.
You feel drowsy...
You fall asleep.
The dream sheep bites you!!
You die...

.. ..
............<..
..
...............
..
...#..........รท
..
.............##
..
..............#
..
......!........
..
...(.(..Y......
..
....P((@Y......
..
...(P(YYY....P.
..
...........###.
.. .............
..
........##...P.
.. ........P
..... .........
.... .........
....


You could see 5 dream sheep.

Vanquished Creatures
  7 hydras
  Harold (Lair:1)
  A two-headed ogre (D:9)
  3 death yaks (Lair:4)
  Nergalle (Lair:3)
  A merfolk siren (Lair:2)
  A black mamba (Lair:6)
  An oklob plant (Lair:2)
  Joseph (Lair:1)
  3 cane toads (Lair:3)
  A rime drake (Lair:6)
  5 komodo dragons
  A merfolk (Lair:2)
  A polar bear (Lair:6)
  3 trolls
  A tyrant leech (Lair:3)
  5 blink frogs (Lair:3)
  Sigmund (D:6)
  36 yaks
  2 fire bats (D:10)
  A wraith (D:10)
  3 wyverns
  2 basilisks (Lair:4)
  6 swamp worms
  8 water moccasins
  A sky beast (D:8)
  3 black bears
  An ice beast (D:10)
  4 orc warriors
  2 eyes of draining
  7 ogres
  A phantom (D:10)
  20 wolves
  A necrophage (D:4)
  4 centaurs
  2 big kobolds (D:10)
  14 bullfrogs
  5 gnoll sergeants (D:10)
  2 water moccasin skeletons
  2 scorpions
  4 killer bees (D:10)
  An electric eel (Lair:2)
  4 howler monkeys
  A quasit (D:11)
  4 centaur zombies
  3 hounds
  A bullfrog zombie (D:5)
  5 jellies
  2 bullfrog skeletons
  8 orc priests
  4 centaur skeletons
  4 iguanas
  Natasha (D:4)
  7 orc wizards
  5 worker ants
  A killer bee zombie (D:6)
  2 hound zombies
  A howler monkey zombie (D:5)
  2 worker ant zombies
  11 gnolls
  9 adders
  A white imp (D:10)
  An ufetubus (D:6)
  2 oozes
  2 adder skeletons
  A worm (D:3)
  A dart slug (D:4)
  8 leopard geckos
  43 orcs
  2 ball pythons
  7 giant cockroaches
  3 goblins
  8 hobgoblins
  5 jackals
  5 kobolds
  5 quokkas
  9 bats
  5 frilled lizards
  A jackal zombie (D:6)
  A leopard gecko skeleton (D:5)
  A leopard gecko zombie (D:5)
  A quokka skeleton (D:4)
  9 rats
366 creatures vanquished.

Vanquished Creatures (others)
  24 foxfires
  5 fungi
  22 plants
51 creatures vanquished.

Grand Total: 417 creatures vanquished

Notes
Turn   | Place    | Note
-------+----------+-------------------------------------------
     0 | D:1      | marklar909 the Draconian Conjurer began the quest for the
                  | Orb.
     0 | D:1      | Reached XP level 1. HP: 14/14 MP: 3/3
   190 | D:1      | Reached XP level 2. HP: 6/20 MP: 1/5
   500 | D:1      | Learned a level 2 spell: Searing Ray
   683 | D:1      | Reached XP level 3. HP: 26/26 MP: 4/6
   867 | D:1      | Reached skill level 5 in Conjurations
  1437 | D:2      | Reached XP level 4. HP: 33/33 MP: 2/7
  1559 | D:2      | You fall into a shaft and drop 2 floors!
  1811 | D:4      | Reached XP level 5. HP: 20/38 MP: 1/9
  2003 | D:4      | Noticed a necrophage
  2006 | D:4      | Killed a necrophage
  2006 | D:4      | Reached skill level 1 in Unarmed Combat
  2264 | D:4      | Reached XP level 6. HP: 45/45 MP: 6/10
  3960 | D:2      | Found a radiant altar of Vehumet.
  4071 | D:2      | Became a worshipper of Vehumet
  4864 | D:4      | Your scales start taking on a dull iron-grey colour.
  4864 | D:4      | Reached XP level 7. HP: 50/50 MP: 3/12
  4864 | D:4      | Gained mutation: You can survive without breathing. [Grey
                  | Draconian growth]
  5234 | D:4      | Noticed Natasha
  5245 | D:4      | Killed Natasha
  5395 | D:4      | Learned a level 3 spell: Dazzling Flash
  5397 | D:5      | Entered Level 5 of the Dungeon
  6602 | D:6      | Found a hide-covered altar of Uskayaw.
  6664 | D:6      | Reached * piety under Vehumet
  6664 | D:6      | Offered knowledge of Sandblast by Vehumet.
  6669 | D:6      | Learned a level 1 spell: Sandblast
  6811 | D:6      | Found a staircase to the Ecumenical Temple.
  6834 | D:6      | Reached XP level 8. HP: 53/57 MP: 9/14
  7026 | D:6      | Noticed Sigmund
  7032 | D:6      | Killed Sigmund
  7032 | D:6      | Reached skill level 5 in Spellcasting
  8016 | D:6      | Found a shimmering altar of Xom.
  8884 | D:7      | Found a bloodstained altar of Trog.
  9424 | D:8      | Reached skill level 1 in Shields
  9424 | D:8      | Reached skill level 1 in Earth Magic
  9440 | D:8      | Offered knowledge of Foxfire by Vehumet.
  9560 | D:8      | Learned a level 1 spell: Foxfire
  9565 | D:8      | Reached ** piety under Vehumet
  9567 | D:8      | Reached XP level 9. HP: 63/63 MP: 11/17
  9757 | D:8      | Found a staircase to the Lair.
 10004 | D:8      | Found a snail-covered altar of Cheibriados.
 10230 | D:8      | Found a runed translucent door.
 10234 | D:8      | Noticed stormannnn's ghost (novice MiFi)
 10524 | D:9      | Reached skill level 5 in Dodging
 10688 | D:9      | Noticed a two-headed ogre
 10697 | D:9      | Killed a two-headed ogre
 10697 | D:9      | Reached skill level 1 in Fighting
 10697 | D:9      | Reached skill level 5 in Earth Magic
 10811 | D:9      | Offered knowledge of Stone Arrow by Vehumet.
 10955 | D:9      | Found a flagged portal.
 11094 | D:9      | Reached XP level 10. HP: 71/71 MP: 16/20
 11281 | D:9      | Found a glowing golden altar of the Shining One.
 11290 | D:9      | Found an ancient bone altar of Kikubaaqudgha.
 11335 | D:9      | Learned a level 3 spell: Stone Arrow
 11341 | D:10     | Entered Level 10 of the Dungeon
 11447 | D:10     | Reached *** piety under Vehumet
 11654 | D:10     | Found a staircase to the Orcish Mines.
 11923 | D:10     | Offered knowledge of Airstrike by Vehumet.
 12998 | D:10     | Found a transporter.
 13026 | D:10     | Reached **** piety under Vehumet
 13361 | D:10     | Noticed pigah's ghost (novice DrWn)
 13668 | D:10     | Found a transporter.
 13712 | D:11     | Reached XP level 11. HP: 52/78 MP: 6/23
 13947 | D:11     | Noticed a fire giant
 13949 | D:11     | Offered knowledge of Lightning Bolt by Vehumet.
 13949 | D:11     | Reached skill level 5 in Shields
 14405 | Lair:1   | Entered Level 1 of the Lair of Beasts
 15153 | D:8      | Learned a level 4 spell: Iskenderun's Mystic Blast
 15332 | Lair:1   | Noticed Joseph
 15337 | Lair:1   | Killed Joseph
 15388 | Lair:1   | Noticed Harold
 15402 | Lair:1   | Killed Harold
 16602 | Lair:2   | Found a staircase to the Shoals.
 16622 | Lair:2   | Reached skill level 5 in Stealth
 16818 | Lair:2   | Noticed an oklob plant
 16934 | Lair:2   | Noticed a seven-headed hydra
 16935 | Lair:2   | Reached skill level 1 in Translocations
 16946 | Lair:2   | Killed a seven-headed hydra
 16965 | Lair:2   | Reached skill level 10 in Conjurations
 17521 | Lair:2   | Reached XP level 12. HP: 82/88 MP: 19/25
 17524 | Lair:2   | Reached ***** piety under Vehumet
 17524 | Lair:2   | Offered knowledge of Starburst by Vehumet.
 17716 | Lair:2   | Learned a level 6 spell: Starburst
 17743 | Lair:3   | Noticed a four-headed hydra
 17756 | Lair:3   | Killed a four-headed hydra
 17756 | Lair:3   | Reached skill level 1 in Fire Magic
 17969 | Lair:3   | Noticed Nergalle
 17980 | Lair:3   | Killed Nergalle
 18180 | Lair:3   | Identified the +8 trident of Filutsea {vorpal, Int+4}
 18180 | Lair:3   | Noticed Zonian's ghost (journeyman HuNe)
 18181 | Lair:3   | Found a bloodstained altar of Trog.
 18186 | Lair:3   | Found a transporter.
 18189 | Lair:3   | Identified the +5 demon trident of Beogh's Castigation
                  | {antimagic, +Fly Int+4 Stlth+}
 18193 | Lair:3   | Noticed a four-headed hydra
 18194 | Lair:3   | Found a transporter.
 18201 | Lair:3   | Killed a four-headed hydra
 18285 | Lair:3   | Reached skill level 5 in Unarmed Combat
 18627 | Lair:3   | Noticed an eight-headed hydra
 18745 | Lair:3   | Noticed a four-headed hydra
 18752 | Lair:3   | Killed a four-headed hydra
 18752 | Lair:3   | Reached skill level 10 in Spellcasting
 18767 | Lair:3   | Noticed an eight-headed hydra
 18910 | Lair:3   | Killed an eight-headed hydra
 19112 | Lair:3   | Found a staircase to the Swamp.
 19155 | Lair:3   | Noticed Gastronok
 20069 | Lair:4   | Noticed a four-headed hydra
 20082 | Lair:4   | Killed a four-headed hydra
 20107 | Lair:4   | Noticed a seven-headed hydra
 20117 | Lair:4   | Noticed a death yak
 20118 | Lair:4   | Killed a seven-headed hydra
 20127 | Lair:4   | Noticed a death yak
 20127 | Lair:4   | Noticed a death yak
 20365 | Lair:4   | Reached skill level 1 in Evocations
 20665 | Lair:4   | Killed a death yak
 21161 | Lair:4   | Killed a death yak
 21161 | Lair:4   | Reached XP level 13. HP: 43/96 MP: 10/27
 22304 | Lair:5   | You fall into a shaft and drop 1 floor!
 22304 | Lair:6   | Entered Level 6 of the Lair of Beasts
 22349 | Lair:6   | Slain by a dream sheep

Illustrated notes

Levels and vault maps discovered:
D:1:      minmay_arrival_jagged, layout_basic, skrybe_limestone_x
D:2:      layout_basic, lemuel_coloured_pillars_altar
D:3:      layout_loops_ring
D:4:      layout_basic, st_stairs_5, uniq_natasha
D:5:      layout_loops_ring
D:6:      layout_basic, kennysheep_mini, brannock_xom_greatest_gift,
          minmay_temple_entry_antechambers, serial_rivers,
          chequers_serial_rivers_small_3, chequers_serial_rivers_small_a,
          chequers_serial_rivers_micro_a, chequers_serial_rivers_micro_a,
          uniq_sigmund
D:7:      layout_basic, lightli_temple_of_fire
D:8:      layout_gridville, cheibriados_altar_1, lair_entry_dummy,
          ebering_ghost_inner_flame
D:9:      layout_rooms, amethyst_overflow_temple_binary, enter_bailey_8,
          palyth_stone_intersect
D:10:     layout_roguey, kennysheep_orc_monster_closet_entryway,
          gammafunk_ghost_stat_death, hive_lemuel
D:11:     minmay_firetagon, layout_long_grid, gammafunk_ghost_wrathful_warriors,
          uniq_snorg, uniq_grum, uniq_erolcha
Lair:1:   layout_regular_city, minmay_hedge_maze, grunt_megastairs_3,
          uniq_harold, uniq_joseph
Lair:2:   layout_cave_shapes, elwin_shoals_entry_rooms
Lair:3:   layout_roguey, palyth_hydra_swamp_entry,
          gammafunk_ghost_wrathful_warriors, minmay_holes, serial_bayou_shore_b,
          grunt_megastairs_2, serial_bayou_shore_b, uniq_gastronok,
          uniq_nergalle
Lair:4:   layout_regular_city, grunt_forest_small_clearings,
          grunt_forest_stairs_basic, worms_lemuel
Lair:5:   layout_cave_pods, chequers_serial_rivers_small_a,
          chequers_serial_rivers_micro_e, st_stairs_10
Lair:6:   grunt_lair_end_beastmaster, layout_cave_shapes, slime_altar_1,
          minmay_stone_trees_medium, serial_bayou_ford_a, lemuel_fruit_tree

Skill      XL: |  1  2  3  4  5  6  7  8  9 10 11 12 |
---------------+-------------------------------------+-----
Conjurations   | 5 6 7 8 9 10 | 10.8
Dodging        | 2 3 4 5 7 8 9 |  9.7
Stealth        | 2 3 4 5 |  5.7
Unarmed Combat | 1 2 3 4 5 |  5.3
Spellcasting   | 3 4 5 7 8 9 10 | 10.4
Shields        | 1 3 4 6 7 |  7.1
Earth Magic    | 2 5 |  5.8
Fighting       | 1 2 3 |  3.8
Translocations | 1 2 |  2.7
Fire Magic     | 4 |  4.9
Evocations     | 1 |  1.3

Action                   |  1- 3 |  4- 6 |  7- 9 | 10-12 | 13-15 || total
-------------------------+-------+-------+-------+-------+-------++-------
Melee: Unarmed           |    20 |    23 |    36 |    53 |     2 ||   134
       Tailslap          |     2 |     1 |     5 |     1 |       ||     9
 Cast: Magic Dart        |    46 |    18 |     6 |     5 |       ||    75
       Searing Ray       |       |    44 |    87 |   182 |    18 ||   331
       Sandblast         |       |       |    24 |       |       ||    24
       Foxfire           |       |       |     2 |    11 |       ||    13
       Dazzling Flash    |       |       |       |     6 |       ||     6
       Stone Arrow       |       |       |       |     8 |       ||     8
       Iskenderun's Myst |       |       |       |    22 |    11 ||    33
Evoke: Wand              |       |       |       |    11 |       ||    11
       Tin of tremorston |       |       |       |       |     2 ||     2
  Use: Scroll            |       |     2 |     6 |    11 |     2 ||    21
       Potion            |       |       |       |       |     1 ||     1
 Stab: Invisible         |       |       |       |     1 |       ||     1
Armor: Skin              |     6 |    14 |    74 |   176 |    33 ||   303
Dodge: Dodged            |     9 |    37 |   125 |   406 |    28 ||   605
Block: Buckler           |       |       |    20 |    93 |     6 ||   119

Table legend: (Time is in decaauts)
 A = Elapsed time spent in this place.
 B = Non-inter-level travel time spent in this place.
 C = Inter-level travel time spent in this place.
 D = Time resting spent in this place.
 E = Time spent auto-exploring this place.
 F = Levels seen in this place.
 G = Mean time per level.
                   A        B        C        D        E       F      G
               +--------+--------+--------+--------+--------+-----+--------+
         Total |  22358 |  21209 |   1149 |   3974 |  14353 |  17 | 1315.2 |
       Dungeon |  15033 |  14382 |    651 |   2276 |  10402 |  11 | 1366.6 |
          Lair |   7324 |   6826 |    498 |   1698 |   3951 |   6 | 1220.7 |
               +--------+--------+--------+--------+--------+-----+--------+

Top non-repeatable levels by time:
    D:10: 2334 daAuts
  Lair:3: 2270 daAuts
  Lair:2: 2021 daAuts
     D:8: 1763 daAuts
     D:4: 1675 daAuts
  Lair:4: 1661 daAuts
     D:3: 1654 daAuts
     D:1: 1418 daAuts
     D:6: 1314 daAuts
     D:9: 1304 daAuts
  Lair:1: 1221 daAuts
     D:5: 1183 daAuts
     D:7: 1115 daAuts
     D:2: 989 daAuts
    D:11: 279 daAuts
